 Dungeon Crawl Stone Soup version 0.30.1-11-g7821555f0a (webtiles) character file.

Game seed: 2839905936349454086

23 Gumption the Conjurer (level 2, 0/23 HPs)
             Began as a Gnoll Wanderer on Nov 13, 2023.
             Slain by a gnoll
             ... wielding a +0 whip
              (4 damage)
             ... on level 2 of the Dungeon.
             The game lasted 00:05:10 (941 turns).

Gumption the Conjurer (Gnoll Wanderer)               Turns: 941, Time: 00:05:11

Health: 0/23       AC:  6    Str: 11    XL:     2   Next: 95%
Magic:  13/14      EV: 11    Int:  9    God:
Gold:   55         SH:  0    Dex: 13    Spells: 5/6 levels left

rFire   . . .        a - +0 hand axe
rCold   . . .        (no shield)
rNeg    . . .        h - +0 ring mail
rPois   .            b - +0 helmet
rElec   .            (no cloak)
rCorr   .            (no gloves)
SInv    .            (no boots)
Will    .....        (no amulet)
Stlth   ++           e - ring of magical power
HPRegen 0.23/turn    (no ring)
MPRegen 0.14/turn

%: no passive effects
@: no status effects
A: fangs 1, strong nose, distributed training
a: no special abilities


You were on level 2 of the Dungeon.
You visited 1 branch of the dungeon, and saw 2 of its levels.

You collected 55 gold pieces.

Inventory:

Hand Weapons
 a - a +0 hand axe (weapon)
Missiles
 f - 8 stones
 i - 3 datura-tipped darts
Armour
 b - a +0 helmet (worn)
 d - a +0 leather armour
 h - a +0 ring mail (worn)
Jewellery
 e - a ring of magical power (left hand)
Scrolls
 c - 2 scrolls of teleportation
 j - a scroll of identify {unknown}
 l - 4 scrolls of amnesia {unknown}
 m - a scroll of enchant weapon {unknown}
Potions
 g - a potion of haste {unknown}
 k - 2 potions of heal wounds {unknown}


   Skills:
 + Level 2.5 Fighting
 + Level 0.5 Short Blades
 + Level 0.5 Long Blades
 + Level 2.5 Axes
 + Level 0.5 Maces & Flails
 + Level 0.5 Polearms
 + Level 0.5 Staves
 + Level 0.5 Ranged Weapons
 + Level 0.5 Throwing
 + Level 2.5 Armour
 + Level 2.5 Dodging
 + Level 4.1 Stealth
 + Level 0.5 Shields
 + Level 0.5 Unarmed Combat
 + Level 2.7 Spellcasting
 + Level 5.4 Conjurations
 + Level 0.4 Hexes
 + Level 0.4 Summonings
 + Level 0.4 Necromancy
 + Level 0.4 Translocations
 + Level 0.4 Transmutations
 + Level 0.4 Fire Magic
 + Level 0.4 Ice Magic
 + Level 0.4 Air Magic
 + Level 0.4 Earth Magic
 + Level 0.4 Poison Magic
 + Level 0.7 Invocations
 + Level 0.5 Evocations


You had 5 spell levels left.
You knew the following spells:

 Your Spells              Type           Power      Damage    Failure   Level
a - Magic Dart            Conj           40%        1d5       8%          1

Your spell library contained the following spells:

 Spells                   Type           Power      Damage    Failure   Level
 Momentum Strike          Conj/Tloc      12%        3d8       32%         2
 Iskenderun's Mystic Bla  Conj/Tloc      6%         2d4       91%         4


Dungeon Overview and Level Annotations

Branches:
Dungeon (2/15)

Altars:


Innate Abilities, Weirdness & Mutations

You have very sharp teeth.
Your uncanny sense of smell can sniff out nearby items.
Your experience applies equally to all skills.


Message History

Confirm with . or Enter, or press ? or * to list all spells.
Aiming: Magic Dart (safe; 8% risk of failure)
Press: ? - help, Shift-Dir - straight line, f/p - gnoll
Aim: a gnoll, wielding a +0 whip (100% to hit)
The magic dart hits the gnoll.
The gnoll is moderately wounded.
You hit the gnoll.
The gnoll is heavily wounded.
The gnoll hits you with a +0 whip!
You completely miss the gnoll. Your bite misses the gnoll.
The gnoll is heavily wounded.
The gnoll misses you.
You hit the gnoll. Your bite misses the gnoll.
The gnoll is severely wounded.
The gnoll hits you with a +0 whip.
You barely miss the gnoll.
The gnoll is severely wounded.
The gnoll hits you with a +0 whip. The gnoll hits you but does no damage.
You barely miss the gnoll.
The gnoll is severely wounded.
The gnoll misses you.
You barely miss the gnoll.
The gnoll is severely wounded.
The gnoll hits you with a +0 whip.
* * * LOW HITPOINT WARNING * * *
You hit the gnoll.
The gnoll is almost dead.
The gnoll barely misses you.
You hit the gnoll but do no damage.
The gnoll is almost dead.
The gnoll misses you.
You barely miss the gnoll.
The gnoll is almost dead.
The gnoll barely misses you.
You hit the gnoll but do no damage.
The gnoll is almost dead.
The gnoll hits you with a +0 whip.
* * * LOW HITPOINT WARNING * * *
The gnoll hits you with a +0 whip.
You die...

#######<....# ###
#...........+ ..
#+#####.....##.# #
............+..#.# #
............#..... )#
.....####..†..# .#
h....## #)....#∆ ..
h.....?##)....##.#∆
..............@g.#
..#...................
#................##...
####..........#### .
#.........##
####+##...# ...... ∆
.....(.


You could see a gnoll.

Vanquished Creatures
  A dart slug (D:1)
  A ball python (D:1)
  3 bats
  2 endoplasms (D:1)
  2 giant cockroaches (D:1)
  2 goblins
  A hobgoblin (D:1)
  2 kobolds
  4 rats
18 creatures vanquished.

Notes
Turn   | Place    | Note
-------+----------+-------------------------------------------
     0 | D:1      | Gumption the Gnoll Wanderer began the quest for the Orb.
     0 | D:1      | Gumption set off with the following items: a +0 hand axe, a
                  | +0 helmet, a scroll of teleportation, a +0 leather armour;
                  | and the following spell memorised: Magic Dart; and the
                  | following spells available to memorise: Momentum Strike,
                  | Iskenderun's Mystic Blast.
     0 | D:1      | Reached XP level 1. HP: 17/17 MP: 4/4
   274 | D:1      | Reached XP level 2. HP: 23/23 MP: 5/5
   941 | D:2      | Slain by a gnoll

Illustrated notes

Levels and vault maps discovered:
D:1:      lightli_arrival_quake, layout_loops_corners, serial_bayou_pond_c,
          minmay_misc_feat_five, serial_bayou_pond_d,
          nicolae_figureground_sparkle
D:2:      layout_basic, shapermc_ecumenical_altar_mp_ritualfount,
          minmay_misc_feat_cross, minmay_pentomino_u4

Action                     || total
---------------------------++-------
  Melee: Hand axe          ||    44
         Bite              ||     5
   Cast: Magic Dart        ||    22
   Stab: Sleeping          ||     2
 Armour: Leather armour    ||     2
         Ring mail         ||     7
  Dodge: Dodged            ||    21
